 Dungeon Crawl Stone Soup version 0.18.1-8-gdd0e5ea (webtiles) character file.

30 Shearov the Vexing (level 3, -2/26 HPs)
             Began as a Formicid Arcane Marksman on June 1, 2016.
             Slain by a kobold
             ... wielding a +0 short sword
              (3 damage)
             ... on level 1 of the Dungeon.
             The game lasted 00:02:52 (448 turns).

Shearov the Vexing (Formicid Arcane Marksman)        Turns: 448, Time: 00:02:53

Health: -2/26      AC:  2    Str: 15    XL:     3   Next: 37%
Magic:  4/4        EV: 12    Int: 12    God:
Gold:   35         SH:  0    Dex: 11    Spells: 1 memorised, 3 levels left

rFire  . . .     SeeInvis +     a - +0 hand crossbow
rCold  . . .     Gourm    .     b - +0 robe
rNeg   . . .     Faith    .     (no shield)
rPois  .         Spirit   .     (helmet unavailable)
rElec  .         Dismiss  .     (no cloak)
rCorr  .         Reflect  .     (no gloves)
SustAt .         Harm     .     (no boots)
MR     .....                    (no amulet)
Stlth  +.........               (no ring)
                                (no ring)

@: not resistant to hostile enchantments, very unstealthy
A: permanent stasis, dig shafts and tunnels, four strong arms, antennae 3
a: Dig, Shaft Self


You were on level 1 of the Dungeon.
You were not hungry.

You visited 1 branch of the dungeon, and saw 1 of its levels.

You collected 35 gold pieces.

Inventory:

Hand Weapons
 a - a +0 hand crossbow (weapon)
Missiles
 d - 6 bolts (quivered)
Armour
 b - a +0 robe (worn)
Potions
 e - 2 potions of agility {unknown}
Books
 c - a book of Debilitation

   Spells                             Type                      Level
   a - Corona                         Hexes                        1
   b - Slow                           Hexes                        2
   c - Gell's Gravitas                Hexes/Translocation          3
   d - Inner Flame                    Hexes/Fire                   3
   e - Cause Fear                     Hexes                        4
   f - Leda's Liquefaction            Hexes/Earth                  4
Comestibles
 f - a bread ration
 g - a meat ration


   Skills:
 + Level 1.1 Fighting
 * Level 2.8 Crossbows
 + Level 1.9 Dodging
 + Level 1.1 Spellcasting
 + Level 4.3 Hexes


You had 3 spell levels left.
You knew the following spells:

 Your Spells              Type           Power        Failure   Level  Hunger
a - Corona                Hex            ##.....      6%          1    ##.....


Dungeon Overview and Level Annotations

Branches:
Dungeon (1/15)

Altars:


Innate Abilities, Weirdness & Mutations

You are under a permanent stasis effect.
You can dig through walls and to a lower floor.
Your four strong arms can wield two-handed weapons with a shield.
You have a pair of large antennae on your head (SInv).


Message History

Aim: a kobold, wielding a short sword You shoot a bolt.
The bolt completely misses the kobold.
The kobold hits you with a short sword.
* * * LOW HITPOINT WARNING * * *
The kobold barely misses you. The kobold hits you with a short sword.
* * * LOW HITPOINT WARNING * * *
Firing (i - inventory):
d - 8 bolts (quivered)
Press: ? - help, Shift-Dir - straight line, f/p - kobold
Aim: a kobold, wielding a short sword You shoot a bolt.
The bolt closely misses the kobold.
The kobold hits you with a club.
* * * LOW HITPOINT WARNING * * *
The kobold hits you but does no damage.
Firing (i - inventory):
d - 7 bolts (quivered)
Press: ? - help, Shift-Dir - straight line, f/p - kobold
Aim: a kobold, wielding a short sword You shoot a bolt.
The bolt hits the kobold.
The kobold is heavily wounded.
The kobold hits you but does no damage. The kobold hits you with a short sword.
You die...

..........# ..#
#.........# {..#
####......#### .(##
.†...........# ..(#
....#...##...# ...#
†...#...##...# ...#
#####...##...####r#.#
#####...........KK..#
....###.##...#.>@####
....# #.##...#...#
....# #. #####...#
....# #...# ....#
#(..# ...... #.(.#
##############...#
##### #...##≈#####
#.#.###.###.≈≈..###


You could see 2 kobolds and a rat.

Vanquished Creatures
  A dart slug (D:1)
  A giant gecko (D:1)
  A giant cockroach (D:1)
  7 goblins (D:1)
  A hobgoblin (D:1)
  3 jackals (D:1)
  4 bats (D:1)
  A giant newt (D:1)
  A kobold (D:1)
  5 rats (D:1)
25 creatures vanquished.

Notes
Turn   | Place    | Note
--------------------------------------------------------------
     0 | D:1      | Shearov the Formicid Arcane Marksman began the quest for the Orb.
     0 | D:1      | Reached XP level 1. HP: 15/15 MP: 2/2
    85 | D:1      | Reached skill level 4 in Hexes
   125 | D:1      | Reached XP level 2. HP: 13/21 MP: 3/3
   322 | D:1      | Reached XP level 3. HP: 15/26 MP: 1/4
   447 | D:1      | HP: 1/26 [kobold/club (1)]
   448 | D:1      | Slain by a kobold

Skill      XL: |  1 |
---------------+----+-----
Hexes          | 4 |  4.3
Fighting       | |  1.1
Crossbows      | |  2.8
Dodging        | |  1.9
Spellcasting   | |  1.1

Action                   || total
-------------------------++-------
 Fire: Hand crossbow     ||    80
 Cast: Corona            ||     7
Armor: Robe              ||     9
Dodge: Dodged            ||    39
